Map: Redshift LE

Players

WahWahWah

  • Race: Terran Terran
  • Spawn Location: 7:00

Test - Winner!

  • Race: Terran Terran
  • League: Silver
  • Spawn Location: 11:00

VOD

Have the link to the VOD?

Description

Time

  • Played on: May 16, 2018, 4:09 p.m.
  • Length: 8:08
Show
View Real Time Build Order
Export as new Build Order

WahWahWah Terran 

Build Orders: MMM Bio 

Get SALT Encoding   

  12  0:01  SCV  
  13  0:13  SCV  
  14  0:20  Supply Depot  
  14  0:27  SCV  
  15  0:42  SCV  
  16  0:45  Barracks  
  16  0:59  SCV  
  17  1:11  Refinery  
  17  1:14  SCV  
  17  1:16  Barracks  
  18  1:27  SCV  
  19  1:34  Marine  
  20  1:45  SCV  
  21  1:53  Marine  
  22  1:58  Orbital Command  
  22  1:59  Refinery  
  22  2:10  Command Center  
  22  2:23  Barracks Tech Lab  
  22  2:32  Marine  
  22  2:33  Factory  
  23  2:47  Supply Depot  
  23  2:51  Barracks Reactor  
  23  2:53  Stimpack  
  23  3:08  SCV  
  23  3:09  Supply Depot  
  24  3:17  Cyclone  
  27  3:23  SCV  
  27  3:26  Orbital Command  
  28  3:38  Marine  
  28  3:39  Marine  
  30  3:42  Supply Depot  
  30  3:43  SCV  
  31  3:54  Marine  
  32  3:56  Marine  
  32  4:01  Refinery  
  33  4:09  Engineering Bay  
  33  4:17  SCV  
  33  4:18  SCV  
  35  4:29  SCV  
  35  4:30  SCV  
  37  4:33  Cyclone  
  40  4:41  Missile Turret  
  40  4:43  SCV x2  
  42  4:52  Missile Turret  
  42  4:55  SCV  
  42  4:58  SCV  
  44  5:13  Combat Shields  
  44  5:16  Reaper x2  
  46  5:23  SCV x2  
  48  5:35  SCV, Starport  
  48  5:36  Factory Tech Lab  
  48  5:42  Marine  
  50  5:44  Command Center, Barracks  
  50  5:48  Marine x2  
  52  5:56  Siege Tank  
  55  6:00  Marine  
  56  6:06  Terran Infantry Weapons Level 1, Marine x2  
  58  6:13  Armory, Viking  
  58  6:17  Marine  
  59  6:52  Siege Tank  
  62  6:54  Barracks Tech Lab  
  62  6:57  Orbital Command, Factory  
  62  7:01  SCV x2  
  64  7:13  SCV x2  
  66  7:15  Viking  
  66  7:19  Armory  
  68  7:24  SCV  
  69  7:36  SCV  
  70  7:39  Missile Turret  
  70  7:40  Missile Turret  
  73  7:45  SCV x2  
  77  7:53  SCV  
  77  7:56  Starport  
Show
View Real Time Build Order
Export as new Build Order

Test Terran - Winner!

Build Orders: Command Center First (CC) 

Get SALT Encoding   

  12  0:01  SCV  
  13  0:13  SCV  
  14  0:17  Supply Depot  
  14  0:25  Refinery  
  14  0:29  SCV  
  15  0:41  SCV  
  16  1:07  Command Center  
  16  1:11  SCV  
  17  1:31  Barracks  
  17  1:36  Barracks  
  17  1:42  SCV  
  18  1:56  Barracks  
  18  1:58  SCV  
  19  2:19  Barracks  
  19  2:23  Marine  
  19  2:26  Orbital Command  
  20  2:30  Marine  
  20  2:35  SCV  
  22  2:41  Marine  
  23  2:45  Barracks Reactor  
  23  2:47  SCV  
  23  2:49  Barracks Tech Lab  
  24  2:59  Marine  
  24  3:03  SCV  
  26  3:07  Orbital Command  
  26  3:10  Barracks Reactor  
  26  3:16  SCV  
  26  3:17  Marine x2  
  29  3:27  Engineering Bay  
  29  3:28  Marine, SCV  
  31  3:34  Marine  
  31  3:39  Refinery  
  31  3:40  SCV x2  
  34  3:46  Marine  
  35  3:51  Supply Depot  
  35  3:52  SCV x2  
  37  3:57  Missile Turret  
  37  4:04  SCV  
  38  4:12  Marine x2, SCV, Stimpack  
  38  4:15  Marine, Barracks Reactor  
  38  4:16  SCV  
  43  4:18  Marine  
  43  4:23  Marine  
  45  4:28  SCV  
  46  4:40  Supply Depot  
  46  4:42  Marine x4, SCV x2  
  46  4:44  Terran Infantry Weapons Level 1, Marine, Supply Depot  
  53  4:51  Barracks  
  53  4:58  Missile Turret  
  53  4:59  Marine  
  53  5:01  Marine x4  
  53  5:03  Marine x2  
  60  5:08  Supply Depot  
  60  5:17  Marine  
  60  5:19  Marine x4  
  65  5:21  Marine  
  65  5:22  Marine  
  67  5:33  Supply Depot  
  67  5:35  Marine  
  67  5:37  Marine x2  
  67  5:38  Marine x2  
  67  5:41  Marine  
  67  5:42  Marine  
  75  5:47  Barracks Reactor  
  74  5:53  Marine  
  74  5:55  Marine x2  
  74  5:56  Marine x2, Missile Turret  
  79  5:59  Marine  
  79  6:00  Marine  
  81  6:11  Marine  
  81  6:12  Marine x2  
  81  6:14  Marine x2  
  86  6:18  Supply Depot  
  86  6:27  Engineering Bay  
  86  6:31  Factory  
  86  6:40  Marine x7  
  86  6:46  Marine  
  93  6:53  Supply Depot x2  
  94  7:02  Missile Turret  
  94  7:14  Marine x8, Armory  
  94  7:15  Marine  
  103  7:32  Marine x7  
  110  7:40  Barracks  
Tags
 
Add a new tag
Caveats
  • Supply blocks, unpowered buildings, or Contaminate may cause inaccurate times.
  • Supply counts are checked every 10 seconds.